Map: Submarine LE

Players

Commander

  • Race: Protoss Protoss
  • League: Platinum
  • Spawn Location: 11:00

Massa - Winner!

  • Race: Terran Terran
  • League: Platinum
  • Spawn Location: 5:00

VOD

Have the link to the VOD?

Description

Time

  • Played on: Jan. 23, 2021, 11:11 a.m.
  • Length: 6:47
Show
View Real Time Build Order
Export as new Build Order

Commander Protoss 

Build Orders:  

Get SALT Encoding   

  12  0:00  Probe  
  13  0:12  Probe  
  14  0:19  Pylon  
  14  0:24  Probe  
  15  0:37  Probe  
  15  0:38  Gateway  
  16  0:49  Probe  
  17  1:01  Probe  
  18  1:08  Assimilator  
  18  1:13  Probe  
  19  1:25  Probe  
  20  1:30  Cybernetics Core  
  20  1:33  Pylon  
  20  1:37  Probe  
  21  1:47  Nexus  
  21  1:52  Probe  
  22  1:57  Assimilator  
  22  2:04  Probe  
  23  2:15  Pylon  
  23  2:25  Warp Gate (Chrono Boost)  
  23  2:26  Stalker (Chrono Boost)  
  25  2:31  Probe (Chrono Boost)  
  26  2:41  Probe (Chrono Boost)  
  26  2:43  Pylon  
  27  2:46  Probe (Chrono Boost)  
  27  2:51  Gateway  
  28  2:52  Gateway  
  28  3:11  Gateway  
  28  3:12  Probe (Chrono Boost)  
  29  3:21  Probe (Chrono Boost)  
  29  3:26  Probe (Chrono Boost)  
  31  4:01  Shield Battery  
  31  4:09  Stalker x3  
  32  4:10  Stalker  
  28  4:28  Probe  
  25  4:33  Stalker x4  
  25  4:36  Probe (Chrono Boost)  
  34  4:41  Probe (Chrono Boost)  
  35  4:48  Probe (Chrono Boost)  
  35  4:52  Probe (Chrono Boost)  
  37  4:55  Probe (Chrono Boost)  
  37  4:56  Twilight Council  
  37  4:57  Probe (Chrono Boost)  
  37  4:59  Forge  
  39  5:02  Sentry  
  39  5:04  Sentry  
  43  5:07  Probe  
  44  5:19  Probe (Chrono Boost)  
  45  5:31  Probe (Chrono Boost)  
  46  5:40  Probe (Chrono Boost)  
  48  5:43  Probe (Chrono Boost)  
  48  5:47  Stalker x2, Probe (Chrono Boost)  
  53  5:52  Probe (Chrono Boost)  
  53  6:06  Stalker  
  53  6:07  Probe (Chrono Boost)  
  53  6:09  Probe (Chrono Boost)  
  52  6:19  Probe (Chrono Boost)  
  52  6:21  Probe (Chrono Boost)  
  52  6:24  Probe (Chrono Boost)  
  51  6:32  Pylon  
Show
View Real Time Build Order
Export as new Build Order

Massa Terran - Winner!

Build Orders:  

Get SALT Encoding   

  12  0:01  SCV  
  13  0:13  SCV  
  14  0:19  Supply Depot  
  14  0:25  SCV  
  15  0:40  SCV  
  15  0:42  Barracks  
  16  0:45  Refinery  
  16  1:00  SCV  
  17  1:12  SCV  
  18  1:24  SCV  
  19  1:39  Barracks Reactor  
  19  1:40  Orbital Command  
  19  1:49  Command Center  
  19  2:08  Supply Depot  
  19  2:15  Marine  
  19  2:16  Marine  
  19  2:18  Factory  
  19  2:21  SCV  
  22  2:33  SCV  
  22  2:36  Marine x2  
  25  2:47  SCV  
  26  2:53  Marine x2  
  26  2:55  Supply Depot  
  28  2:59  SCV  
  29  3:10  Starport  
  29  3:12  Orbital Command  
  29  3:21  Hellion x2  
  30  3:42  Hellion  
  30  3:43  Hellion  
  30  3:46  Barracks Tech Lab  
  30  3:47  Starport Tech Lab  
  34  3:49  SCV x2  
  36  3:56  Refinery  
  36  4:01  SCV x2  
  38  4:04  Hellion  
  39  4:13  SCV  
  36  4:37  Banshee  
  37  4:38  Cloaking Field  
  37  4:45  Marauder  
  39  4:52  Barracks x2, Command Center  
  39  4:54  Barracks  
  39  5:06  Marauder  
  41  5:08  Widow Mine x2  
  41  5:10  SCV x2  
  43  5:27  Banshee  
  43  5:28  Marauder  
  48  5:29  Widow Mine x2  
  52  5:40  Marine  
  52  5:41  Marine, Refinery  
  54  5:49  Supply Depot  
  54  6:03  Marine x3  
  63  6:04  Widow Mine x2, Marauder  
  63  6:21  Marine x2  
  67  6:25  Marauder  
  67  6:41  Barracks Tech Lab  
  67  6:42  Barracks Reactor  
Tags
 
Add a new tag
Caveats
  • Supply blocks, unpowered buildings, or Contaminate may cause inaccurate times.
  • Supply counts are checked every 10 seconds.